 Dungeon Crawl Stone Soup version 0.29.1-15-g9cfb28693d (webtiles) character file.

Game seed: 12083116119257585335

2436 Heoruswealwe the Thaumaturge (level 9, -5/43 (45) HPs)
             Began as a Deep Elf Earth Elementalist on Mar 17, 2023.
             Slain by a wight
             ... wielding a +3 great sword
              (7 damage)
             ... on level 7 of the Dungeon.
             The game lasted 01:32:14 (5789 turns).

Heoruswealwe the Thaumaturge (DEEE)                 Turns: 5789, Time: 01:32:14

HP:   -5/43 (45)    AC:  3    Str:  5    XL:     9   Next: 25%
MP:   14/21         EV: 12    Int: 25    God:
Gold: 415           SH:  0    Dex: 15    Spells: 16/26 levels left

rFire   + . .      SeeInvis +   a - +1 short sword (vamp)
rCold   . . .      Faith    .   (no shield)
rNeg    . . .      Spirit   .   b - +0 robe {rF+}
rPois   .          Reflect  .   (no helmet)
rElec   .          Harm     .   d - scarf {repulsion}
rCorr   .          Rampage  .   (no gloves)
Will    .....      Clarity  +   c - +0 pair of boots
Stlth   ++........              (no amulet)
HPRegen 0.14/turn               e - ring of flight
MPRegen 0.17/turn               f - ring of see invisible

@: flying, lightly drained, repel missiles, unable to read
A: clarity, low MP 1, inability to read after injury 1
a: no special abilities


You were on level 7 of the Dungeon.
You visited 2 branches of the dungeon, and saw 8 of its levels.

You collected 415 gold pieces.

Inventory:

Hand Weapons
 a - a +1 vampiric short sword (weapon)
 v - a +0 war axe
Armour
 b - a +0 robe of fire resistance (worn)
 c - a +0 pair of boots (worn)
 d - a scarf of repulsion (worn)
Jewellery
 e - a ring of flight (left hand)
 f - a ring of see invisible (right hand)
 z - a +4 ring of evasion
Wands
 n - a wand of iceblast (19)
 s - a wand of flame (13)
Scrolls
 h - a scroll of enchant weapon
 i - 5 scrolls of poison {unknown}
 o - a scroll of amnesia
 q - 2 scrolls of teleportation {unknown}
 u - a scroll of fear
 w - a scroll of enchant armour
 y - 2 scrolls of butterflies {unknown}
Potions
 g - 2 potions of curing
 j - 3 potions of degeneration {unknown}
 k - 3 potions of heal wounds {unknown}
 l - a potion of magic
 m - 2 potions of ambrosia {unknown}
 p - a potion of might {unknown}
 r - 3 potions of mutation {unknown}
 t - 2 potions of brilliance
 x - a potion of haste {unknown}
 A - 2 potions of lignification {unknown}


   Skills:
 - Level 2.4 Dodging
 - Level 2.4 Stealth
 + Level 9.2 Spellcasting
 + Level 6.2 Conjurations
 + Level 6.7 Transmutations
 + Level 7.6 Earth Magic


You had 16 spell levels left.
You knew the following spells:

 Your Spells              Type           Power      Damage    Failure   Level
a - Sandblast             Erth           98%        2d20      1%          1
b - Passwall              Tmut/Erth      39%        N/A       1%          2
c - Stone Arrow           Conj/Erth      92%        3d12      1%          3
d - Petrify               Tmut/Erth      47%        N/A       2%          4

Your spell library contained the following spells:

 Spells                   Type           Power      Damage    Failure   Level
 Dazzling Flash           Conj/Hex       54%        N/A       4%          3
 Blink                    Tloc           22%        N/A       9%          2
 Iskenderun's Mystic Bla  Conj/Tloc      27%        2d7       16%         4
 Manifold Assault         Tloc           11%        N/A       83%         5
 Starburst                Conj/Fire      13%        6d6       93%         6
 Storm Form               Tmut/Air       14%        N/A       100%        7


Dungeon Overview and Level Annotations

Branches:
Dungeon (7/15)             Temple (1/1) D:5

Altars:
Cheibriados
Dithmenos
Elyvilon
Fedhas
Gozag
Makhleb
Nemelex Xobeh
Okawaru
Sif Muna
Uskayaw
Wu Jian
Xom
Yredelemnul
Zin

Shops:
D:1 [


Innate Abilities, Weirdness & Mutations

You possess an exceptional clarity of mind.
Your magical capacity is low. (-10% MP)
You occasionally lose the ability to read scrolls when taking damage.


Message History

Casting: Sandblast (safe; 1% risk of failure)
Confirm with . or Enter, or press ? or * to list all spells.
Aiming: Sandblast (safe; 1% risk of failure)
Press: ? - help, Shift-Dir - straight line, f/p - wight
Aim: a wight, wielding a +0 battleaxe and wearing a +0 robe (heavily damaged, 85% to hit)
The blast of sand hits the wight but does no damage.
The wight is heavily damaged.
The wight hits you with a +0 battleaxe!
You feel threatened and lose the ability to read scrolls!
* * * LOW HITPOINT WARNING * * *
Casting: Sandblast (safe; 1% risk of failure)
Confirm with . or Enter, or press ? or * to list all spells.
Aiming: Sandblast (safe; 1% risk of failure)
Press: ? - help, Shift-Dir - straight line, f/p - wight
Aim: a wight, wielding a +0 battleaxe and wearing a +0 robe (heavily damaged, 85% to hit)
The blast of sand hits the wight!!
You destroy the wight!
You can read scrolls again.
The wight barely misses you.
Casting: Sandblast (safe; 1% risk of failure)
Confirm with . or Enter, or press ? or * to list all spells.
Aiming: Sandblast (safe; 1% risk of failure)
Press: ? - help, Shift-Dir - straight line, f - wight
Aim: a wight, wielding a +3 great sword, wearing a +2 chain mail of cold resistance and quivering stones (89% to hit)
The blast of sand hits the wight but does no damage.
The wight hits you with a +3 great sword.
* * * LOW HITPOINT WARNING * * *
You feel better. The wight closely misses you.
Casting: Sandblast (safe; 1% risk of failure)
Confirm with . or Enter, or press ? or * to list all spells.
Aiming: Sandblast (safe; 1% risk of failure)
Press: ? - help, Shift-Dir - straight line, f/p - wight
Aim: a wight, wielding a +3 great sword, wearing a +2 chain mail of cold resistance and quivering stones (89% to hit)
The blast of sand hits the wight.
The wight is lightly damaged.
The wight hits you with a +3 great sword!
You feel threatened and lose the ability to read scrolls!
* * * LOW HITPOINT WARNING * * *
You feel drained.
You die...

.##. .......# ###.## ..#..
#####....#### #... #....
##...........# ###.
#...#########..#####..##.# ##
#.............####.....#.## #
...##..########.....###....######
...###..........##### ###........
...†..........###########.#######
..........#..))z@................
.....#######.###......###.#######
.###. # ######...#.### #.
###.#...# ## #.###.# #.###.#
#..##.# ##....# ######


You could see a wight.

Vanquished Creatures
  Edmund (D:6)
  An orc warrior (D:7)
  A sky beast (D:7)
  3 ogres
  A centaur (D:5)
  A phantom (D:5)
  A kobold brigand (D:4)
  A bullfrog (D:6)
  6 necrophages
  A scorpion (D:5)
  4 wights (D:7)
  2 howler monkeys (D:5)
  2 jellies (D:6)
  2 orc priests (D:4)
  5 hounds
  Ijyb (D:3)
  Jessica (D:3)
  Terence (D:3)
  4 iguanas
  8 orc wizards
  A hound zombie (D:4)
  5 gnolls (D:5)
  5 adders
  2 white imps
  2 adder zombies (D:4)
  5 dart slugs
  18 orcs
  6 ball pythons
  5 endoplasms
  3 giant cockroaches
  8 goblins
  7 hobgoblins
  4 jackals (D:1)
  8 kobolds
  4 quokkas
  4 bats
  4 frilled lizards
  8 rats
  6 bushes (D:4)
152 creatures vanquished.

Vanquished Creatures (others)
  A bush (D:4)
  13 plants (D:4)
14 creatures vanquished.

Grand Total: 166 creatures vanquished

Notes
Turn   | Place    | Note
-------+----------+-------------------------------------------
     0 | D:1      | Heoruswealwe the Deep Elf Earth Elementalist began the
                  | quest for the Orb.
     0 | D:1      | Reached XP level 1. HP: 10/10 MP: 6/6
    54 | D:1      | Found Fewkic's Armour Shop.
   138 | D:1      | Reached XP level 2. HP: 15/15 MP: 1/8
   343 | D:1      | Reached skill level 4 in Spellcasting
   407 | D:1      | Reached XP level 3. HP: 19/19 MP: 7/10
   410 | D:1      | Learned a level 2 spell: Passwall
   414 | D:1      | Learned a level 3 spell: Stone Arrow
  1289 | D:2      | Reached XP level 4. HP: 24/24 MP: 9/12
  1299 | D:2      | Learned a level 4 spell: Petrify
  1467 | D:2      | Found a faded altar of an unknown god.
  1480 | D:2      | Prayed at the altar of an unknown god.
  1480 | D:2      | Became a worshipper of Xom of Chaos
  1481 | D:2      | Fell from the grace of Xom
  1651 | D:3      | Identified the +7 ring mail of Ashenzari's Wrath {rElec}
  1787 | D:3      | Noticed Terence
  1802 | D:3      | Killed Terence
  1803 | D:3      | Reached skill level 5 in Spellcasting
  1843 | D:3      | XOM: give mutations
  1843 | D:3      | Gained mutation: You occasionally lose the ability to read
                  | scrolls when taking damage. [Xom's mischief]
  1843 | D:3      | Gained mutation: You are partially covered in iridescent
                  | scales. (AC +2) [Xom's mischief]
  1843 | D:3      | Gained mutation: You possess an exceptional clarity of
                  | mind. [Xom's mischief]
  1843 | D:3      | Gained mutation: Your magical capacity is low. (-10% MP)
                  | [Xom's mischief]
  1880 | D:3      | Noticed Ijyb
  1895 | D:3      | Killed Ijyb
  2022 | D:3      | Reached XP level 5. HP: 27/28 MP: 11/13
  2173 | D:3      | Noticed Jessica
  2174 | D:3      | Killed Jessica
  2175 | D:3      | Reached skill level 1 in Conjurations
  2217 | D:3      | XOM: noise
  2486 | D:4      | Noticed an ogre
  2493 | D:4      | Killed an ogre
  2538 | D:4      | Reached XP level 6. HP: 27/32 MP: 11/15
  3032 | D:4      | Reached skill level 6 in Spellcasting
  3041 | D:4      | Reached skill level 5 in Earth Magic
  3271 | D:4      | Found a blossoming altar of Fedhas.
  3373 | D:4      | Reached XP level 7. HP: 27/36 MP: 11/17
  3997 | D:5      | Entered Level 5 of the Dungeon
  4039 | D:5      | Reached skill level 7 in Spellcasting
  4060 | D:5      | XOM: polymorph gnoll -> hound
  4140 | D:5      | Found a staircase to the Ecumenical Temple.
  4196 | Temple   | Entered the Ecumenical Temple
  4375 | D:5      | Reached skill level 5 in Transmutations
  4375 | D:5      | Reached XP level 8. HP: 41/41 MP: 15/19
  4714 | D:6      | Reached skill level 8 in Spellcasting
  4714 | D:6      | Reached skill level 5 in Conjurations
  5013 | D:6      | Noticed Edmund
  5016 | D:6      | Killed Edmund
  5163 | D:6      | XOM: summons 3 hostile shadow creatures
  5186 | D:6      | XOM: give mutation
  5186 | D:6      | Lost mutation: You occasionally lose the ability to read
                  | scrolls when taking damage. [Xom's mischief]
  5419 | D:6      | Reached XP level 9. HP: 45/45 MP: 19/21
  5475 | D:6      | XOM: give mutations
  5475 | D:6      | Gained mutation: You occasionally lose the ability to read
                  | scrolls when taking damage. [Xom's mischief]
  5475 | D:6      | Lost mutation: You are partially covered in iridescent
                  | scales. (AC +2) [Xom's mischief]
  5768 | D:7      | Reached skill level 9 in Spellcasting
  5789 | D:7      | HP: 2/45 [wight/+3 great sword (16)]
  5789 | D:7      | Slain by a wight

Illustrated notes

Levels and vault maps discovered:
D:1:      minmay_arrival_pointy, layout_loops_cross, serial_shops, shop,
          minmay_split_cup_small
D:2:      layout_loops_corners, chequers_ecumenical_altar_simple
D:3:      layout_basic, moated_statue, uniq_ijyb, uniq_jessica, uniq_terence
D:4:      layout_loops_cross, fedhas_altar_decomposition, minmay_door_square,
          minmay_checkerbox
D:5:      kennysheep_big_flooded_room, layout_rooms, minmay_temple_entry_grid
D:6:      layout_basic, uniq_edmund
D:7:      layout_rooms
Temple:   cyrus_circular_temple

Skill      XL: |  1  2  3  4  5  6  7  8  9 |
---------------+----------------------------+-----
Spellcasting   | 4 5 6 7 8 9 |  9.2
Transmutations | 2 3 4 5 6 |  6.7
Earth Magic    | 4 5 6 7 |  7.6
Conjurations   | 2 3 4 5 6 |  6.2
Dodging        | |  2.4
Stealth        | |  2.4

Action                   |  1- 3 |  4- 6 |  7- 9 || total
-------------------------+-------+-------+-------++-------
Melee: Short sword       |       |     9 |     5 ||    14
       Hand axe          |       |       |   344 ||   344
       Punch             |       |       |     6 ||     6
 Cast: Sandblast         |    60 |    95 |   129 ||   284
       Passwall          |       |     2 |     3 ||     5
Invok: Renounce Religion |       |     1 |       ||     1
  Use: Potion            |     1 |       |     5 ||     6
       Scroll            |       |       |     8 ||     8
Armor: Robe              |     3 |    10 |    18 ||    31
Dodge: Dodged            |    11 |    38 |    47 ||    96
       Repelled          |       |       |     2 ||     2
